 Dungeon Crawl Stone Soup version 0.26.1-11-gd32895ea62 (webtiles) character file.

Game seed: 7507956277351796484

11 hawla the Conjurer (level 2, 0/22 HPs)
             Began as a Draconian Conjurer on June 22, 2021.
             Slain by an adder (4 damage)
             ... on level 2 of the Dungeon.
             The game lasted 00:03:01 (1176 turns).

hawla the Conjurer (Draconian Conjurer)             Turns: 1176, Time: 00:03:02

Health: 0/22       AC:  5    Str:  9    XL:     2   Next: 13%
Magic:  5/5        EV: 12    Int: 16    God:
Gold:   38         SH:  0    Dex:  9    Spells: 2/5 levels left

rFire    + . .     SeeInvis +   (no weapon)
rCold    . . .     Faith    .   (no shield)
rNeg     . . .     Spirit   .   (armour unavailable)
rPois    .         Reflect  .   (helmet restricted)
rElec    .         Harm     .   (no cloak)
rCorr    .         Rampage  .   (no gloves)
Will     .....     Rnd*Rage +   c - +0 pair of boots
Stlth    ++........             (no amulet)
HPRegen  0.07/turn              a - ring of see invisible
MPRegen  0.09/turn              (no ring)

@: lethally poisoned (0 -> -17)
A: unfitting armour, berserk 1, dopey 1, fire resistance 1, cold-blooded,
MP-powered wands, AC +4
a: no special abilities


You were on level 2 of the Dungeon.
You visited 1 branch of the dungeon, and saw 2 of its levels.

You collected 38 gold pieces.

Inventory:

Armour
 c - a +0 pair of boots (worn)
Jewellery
 a - a ring of see invisible (left hand)
 d - an uncursed ring of willpower {unknown}
Scrolls
 b - 2 scrolls of amnesia {unknown}
 h - a scroll of noise {unknown}
 i - a scroll of magic mapping {unknown}
Potions
 j - a potion of invisibility {unknown}


   Skills:
 + Level 0.8 Fighting
 - Level 1.7 Dodging
 - Level 1.7 Stealth
 + Level 2.2 Spellcasting
 + Level 4.1 Conjurations
 + Level 0.7 Translocations


You had 2 spell levels left.
You knew the following spells:

 Your Spells              Type           Power        Failure   Level
a - Magic Dart            Conj           60%          3%          1
b - Searing Ray           Conj           30%          5%          2

Your spell library contained the following spells:

 Spells                   Type           Power        Failure   Level
 Dazzling Flash           Conj/Hex       16%          26%         3
 Iskenderun's Mystic Bla  Conj/Tloc      9%           58%         4
 Fulminant Prism          Conj/Hex       4%           65%         4


Dungeon Overview and Level Annotations

Branches:
Dungeon (2/15)

Altars:


Innate Abilities, Weirdness & Mutations

Your plain brown scales are hard. (AC +4)
You cannot fit into any form of body armour.
You are cold-blooded and may be slowed by cold attacks.
You tend to lose your temper in combat.
You are dopey. (Int -2)
Your flesh is heat resistant. (rF+)
You expend magic power (3 MP) to strengthen your wands.


Message History

The adder poisons you!
You hit the adder.
Your tail-slap misses the adder.
The adder is heavily wounded.
You feel sick. The adder barely misses you.
You barely miss the adder. You tail-slap the adder.
The adder is almost dead.
You feel sick. The adder bites you.
You are lethally poisoned!
The adder poisons you!
You barely miss the adder.
The adder is almost dead.
The adder barely misses you. The adder bites you.
* * * LOW HITPOINT WARNING * * *
You are more poisoned.
The adder poisons you!
You barely miss the adder.
The adder is almost dead.
* * * LOW HITPOINT WARNING * * *
You feel sick. The adder bites you.
You die...

#...........
........#...........
.......#...........
.......#.....<.†...
..$....#....)†.....
.......#.........##
#.....#.........#
#S....#.........#
#####@....#.........#
#...........#########
#...........#
#...........#
#...........#
###'######### #. #.
..


You could see an adder.

Vanquished Creatures
  A dart slug (D:1)
  4 hobgoblins
  A kobold (D:1)
  2 rats
8 creatures vanquished.

Notes
Turn   | Place    | Note
-------+----------+-------------------------------------------
     0 | D:1      | hawla the Draconian Conjurer began the quest for the Orb.
     0 | D:1      | Reached XP level 1. HP: 14/14 MP: 3/3
  1055 | D:2      | Reached XP level 2. HP: 22/22 MP: 1/5
  1094 | D:1      | Learned a level 2 spell: Searing Ray
  1103 | D:2      | Gained mutation: You are dopey. (Int -2) [potion of
                  | mutation]
  1103 | D:2      | Gained mutation: You tend to lose your temper in combat.
                  | [potion of mutation]
  1103 | D:2      | Gained mutation: You expend magic power (3 MP) to
                  | strengthen your wands. [potion of mutation]
  1103 | D:2      | Gained mutation: Your flesh is heat resistant. (rF+)
                  | [potion of mutation]
  1176 | D:2      | Slain by an adder

Illustrated notes

Levels and vault maps discovered:
D:1:      arrival_zaba_pyramid, layout_basic, hex_tiny
D:2:      layout_basic, kennysheep_boxes

Action                   || total
-------------------------++-------
Melee: Unarmed           ||    34
       Tailslap          ||     2
 Cast: Magic Dart        ||    15
       Searing Ray       ||     1
  Use: Scroll            ||     4
       Potion            ||     1
Armor: Skin              ||    10
Dodge: Dodged            ||    24
